 Dungeon Crawl Stone Soup version 0.31-a0-1278-g11c5b68f87 (webtiles) character file.

Game seed: 14698888092875445557

21 pokeman the Magician (level 2, 0/16 HPs)
             Began as a Deep Elf Hedge Wizard on Dec 17, 2023.
             Slain by Robin
             ... wielding a +0 short sword
              (3 damage)
             ... on level 1 of the Dungeon.
             The game lasted 00:02:09 (1370 turns).

pokeman the Magician (Deep Elf Hedge Wizard)        Turns: 1370, Time: 00:02:10

Health: 0/16       AC:  4    Str:  7    XL:     2   Next: 62%
Magic:  1/9        EV: 11    Int: 18    God:
Gold:   57         SH:  0    Dex: 14    Spells: 9/10 levels left

rFire   . . .        j - +1 dagger (speed)
rCold   + . .        (no shield)
rNeg    . . .        o - +1 leather armour {rC+}
rPois   .            c - +0 hat
rElec   .            (no cloak)
rCorr   .            (no gloves)
SInv    .            (no boots)
Will    .....        (no amulet)
Stlth   ++           (no ring)
HPRegen 0.22/turn    (no ring)
MPRegen 0.11/turn

%: no passive effects
@: very slightly contaminated
A: no striking features
a: no special abilities


You were on level 1 of the Dungeon.
You visited 1 branch of the dungeon, and saw 2 of its levels.

You collected 57 gold pieces.

Inventory:

Hand Weapons
 j - a +1 dagger of speed (weapon)
Armour
 c - a +0 hat (worn)
 o - a +1 leather armour of cold resistance (worn)
Magical Staves
 k - a staff of air
Jewellery
 f - a ring of fire
Scrolls
 b - a scroll of identify {unknown}
 e - a scroll of enchant armour {unknown}
 g - a scroll of teleportation {unknown}
 i - 2 scrolls of immolation {unknown}
 l - a scroll of blinking {unknown}
 n - a scroll of vulnerability {unknown}
Potions
 a - a potion of attraction {unknown}
 d - a potion of magic
 h - a potion of ambrosia {unknown}
 m - a potion of might {unknown}
 p - a potion of mutation {unknown}


   Skills:
 + Level 0.5 Fighting
 + Level 0.6 Armour
 - Level 2.4 Dodging
 - Level 2.4 Stealth
 * Level 4.9 Spellcasting
 + Level 1.6 Conjurations
 - Level 1.1 Summonings
 - Level 1.1 Translocations


You had 9 spell levels left.
You knew the following spells:

 Your Spells              Type           Power      Damage    Failure   Level
a - Magic Dart            Conj           40%        1d5       10%         1

Your spell library contained the following spells:

 Spells                   Type           Power      Damage    Failure   Level
 Blink                    Tloc           16%        N/A       19%         2
 Call Imp                 Summ           16%        N/A       19%         2
 Slow                     Hex            16%        N/A       21%         1
 Cigotuvi's Dreadful Rot  Necr/Pois/Air  8%         N/A       30%         2
 Ensorcelled Hibernation  Hex/Ice        8%         N/A       30%         2
 Passwall                 Tmut/Erth      3%         N/A       30%         2
 Mephitic Cloud           Conj/Pois/Air  6%         N/A       43%         3
 Swiftness                Air            4%         N/A       52%         3


Dungeon Overview and Level Annotations

Branches:
Dungeon (2/15)

Altars:

Annotations:
D:1 Robin


Message History

Press: ? - help, Shift-Dir - straight line, f/p - Robin
Aim: Robin, wielding a +0 short sword, wearing a +0 animal skin and wearing a +0 helmet (100% to hit)
The magic dart hits Robin but does no damage.
Robin hits you with a +0 short sword.
Unknown command.
Casting: Magic Dart (safe; 10% risk of failure)
Confirm with . or Enter, or press ? or * to list all spells.
Aiming: Magic Dart (safe; 10% risk of failure)
Press: ? - help, Shift-Dir - straight line, f/p - Robin
Aim: Robin, wielding a +0 short sword, wearing a +0 animal skin and wearing a +0 helmet (100% to hit)
The magic dart hits Robin.
Robin is lightly wounded.
Robin hits you with a +0 short sword.
Casting: Magic Dart (safe; 10% risk of failure)
Confirm with . or Enter, or press ? or * to list all spells.
Aiming: Magic Dart (safe; 10% risk of failure)
Press: ? - help, Shift-Dir - straight line, f/p - Robin
Aim: Robin, wielding a +0 short sword, wearing a +0 animal skin and wearing a +0 helmet (lightly wounded, 100% to hit)
The magic dart hits Robin.
Robin is moderately wounded.
Robin hits you but does no damage.
Casting: Magic Dart (safe; 10% risk of failure)
Confirm with . or Enter, or press ? or * to list all spells.
Aiming: Magic Dart (safe; 10% risk of failure)
Press: ? - help, Shift-Dir - straight line, f/p - Robin
Aim: Robin, wielding a +0 short sword, wearing a +0 animal skin and wearing a +0 helmet (moderately wounded, 100% to hit)
The magic dart hits Robin.
Robin is heavily wounded.
Robin hits you with a +0 short sword.
* * * LOW HITPOINT WARNING * * *
Casting: Magic Dart (safe; 10% risk of failure)
Confirm with . or Enter, or press ? or * to list all spells.
Aiming: Magic Dart (safe; 10% risk of failure)
Press: ? - help, Shift-Dir - straight line, f/p - Robin
Aim: Robin, wielding a +0 short sword, wearing a +0 animal skin and wearing a +0 helmet (heavily wounded, 100% to hit)
The magic dart hits Robin.
Robin is severely wounded.
Robin hits you with a +0 short sword.
You die...
Robin says, "And that's why I'm the boss."

....# ##.## #.# ##..#
#.#####...## #.######..#
#.####.###.##
#.........######## #......#
#..# #.######.##......#
######.###..# #.#
#..##.####.#
##...#.###.#####.###.## #.#
##.>.................###.#
####.....g####.###.#....#
#..###@# #.# ###.#### #..#
#.# #.# #.# #..###.####.# #.#
#......#....# #.#
#.###.##.#### #.#
#.###.##.########.#
###########.................#
#...........##..##.#.#####..#
#.############..#....# #..#


You could see Robin.

Vanquished Creatures
  An endoplasm (D:1)
  A giant cockroach (D:1)
  5 goblins
  3 hobgoblins
  3 kobolds
  2 ball pythons (D:1)
  3 bats (D:1)
  A frilled lizard (D:1)
19 creatures vanquished.

Notes
Turn   | Place    | Note
-------+----------+-------------------------------------------
     0 | D:1      | pokeman the Deep Elf Hedge Wizard began the quest for the
                  | Orb.
     0 | D:1      | Reached XP level 1. HP: 10/10 MP: 7/7
   425 | D:1      | Reached XP level 2. HP: 15/15 MP: 5/9
  1256 | D:2      | Noticed Robin
  1370 | D:1      | Slain by Robin

Illustrated notes

Levels and vault maps discovered:
D:1:      minmay_arrival_stone_box, layout_loops_ring, serial_bayou_pond_c
D:2:      layout_basic, uniq_robin

Action                     || total
---------------------------++-------
  Melee: Dagger            ||     4
   Cast: Magic Dart        ||    57
 Armour: Robe              ||     2
         Leather armour    ||    33
  Dodge: Dodged            ||    25

Table legend: (Time is in decaauts)
 A = Elapsed time spent in this place.
 B = Non-inter-level travel time spent in this place.
 C = Inter-level travel time spent in this place.
 D = Time resting spent in this place.
 E = Time spent auto-exploring this place.
 F = Levels seen in this place.
 G = Mean time per level.
                   A        B        C        D        E       F      G
               +--------+--------+--------+--------+--------+-----+--------+
         Total |   1374 |   1291 |     83 |    110 |    986 |   2 |  687.0 |
       Dungeon |   1374 |   1291 |     83 |    110 |    986 |   2 |  687.0 |
               +--------+--------+--------+--------+--------+-----+--------+

Top non-repeatable levels by time:
     D:1: 1194 daAuts
     D:2: 179 daAuts
